cohdb
Replays
Latest Replays
All Replays
Popular Replays
Top Player Replays
Match Explorer
How It Works
Community
CoH3 Stats
Reddit
Sign in to upload your games and track your stats! →
Sign in with Steam
Match 24309936
Unlisted
Match 24309936
Overview
Messages
Build Orders
End
Panzergrenadier Squad
250 Light Carrier
Panzergrenadier Squad
Construct Light Support Kompanie
Selects Battlefield Espionage Battlegroup
MG34 Team
Selects Intel Disruption Beacon
MG34 Team
Selects 250/3 Funkpanzerwagen
2.5-tonne Medical Truck
Fire Support Elements
le.IG 18 Support Gun Team
le.IG 18 Support Gun Team
250/3 Funkpanzerwagen
Selects Advanced Ambush Training
Construct Panzerarmee Kommand
Pak 38 Anti-tank Gun Team
Walking Stuka Rocket Launcher
Selects Transfer Depots
Selects Firestorm
Firestorm
250/3 Funkpanzerwagen
Panzer III L Medium Tank
Firestorm
Firestorm
Panzergrenadier Squad
Firestorm
Panzer III L Medium Tank
Selects Operation Skorpion
Firestorm
Assault Grenadier Squad
Assault Grenadier Squad
Operation Skorpion
Firestorm
Walking Stuka Rocket Launcher
Firestorm
AI Takeover
Skrrrrr
iceman
Pimin
Porkie yo MAMA
asdfdude
a Tigger
0
0
Comments
sign in to comment!
No comments posted yet!